[Event "Titled Tuesday Blitz September 27 Early 2022"]
[White "Hafiz, Arif Abdul"]
[Black "Brodowski, Piotr"]
[WhiteFideId "7104227"]
[BlackFideId "1124480"]
[WhiteElo "2198"]
[BlackElo "2312"]
[Result "1-0"]
[Round "08"]
[TimeControl "180+1"]
[Date "2022.09.27"]
[WhiteClock "0:00:44"]
[BlackClock "0:00:29"]

1. e4 c5 2. Nc3 g6 3. f4 Bg7 4. Nf3 Nc6 5. Bb5 Nd4 6. O-O Nxb5 7. Nxb5 d6 8. d3 Nf6 9. Nc3 O-O 10. Qe1 d5 11. e5 Ng4 12. h3 Nh6 13. g4 f5 14. g5 Nf7 15. d4 b6 16. Be3 Ba6 17. Rf2 Rc8 18. h4 Qd7 19. h5 Nd8 20. Rd1 Bb7 21. h6 Bh8 22. dxc5 bxc5 23. Nxd5 Bxd5 24. c4 e6 25. Rfd2 Qa4 26. cxd5 exd5 27. Rxd5 Ne6 28. b3 Qe4 29. Kf2 Nxf4 30. Bxf4 Qxf4 31. Qe2 Rfe8 32. Qc4 Qxc4 33. bxc4 Kf7 34. Ke3 Re7 35. Kf4 Ke8 36. Rb1 Rec7 37. a4 Rd7 38. Ke3 Ke7 39. Rb5 Rdc7 40. Ne1 Ke6 41. Nd3 f4+ 42. Kxf4 Rf7+ 43. Ke4 Rf1 44. Rb7 Rc6 45. Rd6+ Rxd6 46. Nxc5# 1-0


[Site "https://www.chess.com"]

[Event "Titled Tuesday Blitz September 27 Early 2022"]
[White "Haitin, Ilja"]
[Black "Forgacs, Attila Jr."]
[WhiteFideId "4501764"]
[BlackFideId "773654"]
[WhiteElo "2243"]
[BlackElo "2062"]
[Result "1-0"]
[Round "08"]
[TimeControl "180+1"]
[Date "2022.09.27"]
[WhiteClock "0:01:02"]
[BlackClock "0:00:20"]

1. e4 e5 2. Nf3 Nc6 3. Nc3 Nf6 4. Bb5 Bd6 5. d3 O-O 6. Rg1 a6 7. Bc4 b5 8. Bb3 Na5 9. g4 Nxb3 10. axb3 Bb7 11. Bg5 Be7 12. Qd2 d6 13. Nh4 Nxe4 14. Bxe7 Qxe7 15. Nf5 Qe6 16. dxe4 b4 17. Qg5 g6 18. Nd5 Bxd5 19. exd5 Qd7 20. Qf6 1-0


[Site "https://www.chess.com"]

[Event "Titled Tuesday Blitz September 27 Early 2022"]
[White "Hambleton, Aman"]
[Black "Aliakbarov, Anar"]
[WhiteFideId "2606577"]
[BlackFideId "13401858"]
[WhiteElo "2538"]
[BlackElo "2210"]
[Result "0-1"]
[Round "08"]
[TimeControl "180+1"]
[Date "2022.09.27"]
[WhiteClock "0:00:02"]
[BlackClock "0:00:57"]

1. e4 e5 2. Nf3 Nc6 3. Bc4 Bc5 4. Bxf7+ Kxf7 5. Nxe5+ Nxe5 6. Qh5+ Kf8 7. Qxe5 Qe7 8. Qf4+ Nf6 9. Nc3 d6 10. d3 Kg8 11. Be3 Bxe3 12. Qxe3 c5 13. O-O-O h6 14. f4 Kh7 15. h3 Re8 16. Qf3 d5 17. e5 Ng8 18. Nxd5 Qf7 19. Nc3 Rb8 20. Kb1 b5 21. Rhf1 b4 22. Ne4 Bb7 23. Qe3 Bxe4 24. dxe4 Rbd8 25. Rxd8 Rxd8 26. f5 Rd4 27. e6 Qb7 28. Re1 Nf6 29. e5 Re4 30. Qf2 Ne8 31. g4 Qd5 32. b3 Qxe5 33. Rxe4 Qxe4 34. Qxc5 Nf6 35. a3 bxa3 36. Qxa3 Qh1+ 37. Kb2 Qxh3 38. Qxa7 Qxg4 39. Qc5 Qe4 40. b4 h5 41. b5 h4 42. Qc6 Qxc6 43. bxc6 Ne8 44. Kc3 h3 45. f6 gxf6 46. c7 Nxc7 0-1


[Site "https://www.chess.com"]

[Event "Titled Tuesday Blitz September 27 Early 2022"]
[White "Hansen, Eric"]
[Black "Svane, Rasmus"]
[WhiteFideId "2606771"]
[BlackFideId "4657101"]
[WhiteElo "2568"]
[BlackElo "2674"]
[Result "0-1"]
[Round "08"]
[TimeControl "180+1"]
[Date "2022.09.27"]
[WhiteClock "0:00:02"]
[BlackClock "0:00:04"]

1. e4 c6 2. Nf3 d5 3. d3 dxe4 4. dxe4 Qxd1+ 5. Kxd1 Nf6 6. Nfd2 g5 7. f3 h5 8. Nc4 g4 9. Nc3 Be6 10. a4 Nbd7 11. Be3 Bh6 12. Bxh6 Rxh6 13. Kd2 Bxc4 14. Bxc4 Ne5 15. Be2 gxf3 16. gxf3 Ng6 17. Ke3 e5 18. h4 Nd7 19. Bc4 Ke7 20. Rad1 Nf4 21. Rhg1 Rg6 22. Ne2 Nxe2 23. Rxg6 fxg6 24. Kxe2 Rf8 25. Rg1 Rf6 26. Ke3 Nf8 27. Kf2 Rf4 28. Kg3 Nh7 29. Be2 g5 30. hxg5 Nxg5 31. Rh1 h4+ 32. Rxh4 Rxh4 33. Kxh4 Ne6 34. Kg3 Kf6 35. Bc4 Nf4 36. a5 b6 37. b4 c5 38. axb6 axb6 39. bxc5 bxc5 40. Kf2 Ke7 41. Ke3 Kd6 42. Kf2 Ke7 43. Kg3 Kf6 44. Kg4 Ng2 45. Kg3 Ne3 46. Bb3 Kg5 47. c3 Nf1+ 48. Kf2 Nd2 49. Bd1 Kf4 50. Kg2 Ke3 51. Kg3 Nb1 52. c4 Nd2 53. Kg4 Nxc4 54. Kf5 Kd4 55. Ke6 Ne3 56. Be2 c4 57. f4 exf4 58. e5 c3 0-1


[Site "https://www.chess.com"]

[Event "Titled Tuesday Blitz September 27 Early 2022"]
[White "Hardaway, Brewington"]
[Black "Torres Boch, Jose Francisco"]
[WhiteFideId "30941849"]
[BlackFideId "2278383"]
[WhiteElo "1813"]
[BlackElo "2088"]
[Result "1-0"]
[Round "08"]
[TimeControl "180+1"]
[Date "2022.09.27"]
[WhiteClock "0:01:42"]
[BlackClock "0:00:10"]

1. Nf3 Nf6 2. c4 e6 3. e3 b6 4. b3 Bb7 5. Bb2 c5 6. Nc3 d5 7. d4 Nc6 8. cxd5 Nxd5 9. Bb5 Nxc3 10. Bxc3 a6 11. Be2 cxd4 12. exd4 Be7 13. O-O O-O 14. Rc1 Nb4 15. Qd2 Nd5 16. Bb2 Rc8 17. Rxc8 Qxc8 18. Ne5 Bb4 19. Qd1 Bc3 20. Ba3 Rd8 21. Bh5 g6 22. Bf3 b5 23. Ng4 b4 24. Bc1 f5 25. Ne5 Nf6 26. Be3 Qa8 27. Qd3 Bxf3 28. Nxf3 Nd5 29. Bg5 Rd6 30. h4 Qc6 31. h5 Qb5 32. Qd1 a5 33. hxg6 hxg6 34. Ne5 Kg7 35. Nc4 Rd7 36. Qe2 Qc6 37. Qe5+ Kh7 38. Qh2+ Kg8 39. Ne5 Qd6 40. Nxd7 Qxd7 41. Qb8+ Kh7 42. Qe5 Ne7 43. Rd1 Nc6 44. Qh2+ Kg8 45. Bf6 e5 46. Qh8+ Kf7 47. Qg7+ Ke6 48. d5+ 1-0


[Site "https://www.chess.com"]

[Event "Titled Tuesday Blitz September 27 Early 2022"]
[White "Harsha Bharathakoti"]
[Black "Arabidze, Meri"]
[WhiteFideId "5078776"]
[BlackFideId "13604040"]
[WhiteElo "2868"]
[BlackElo "2696"]
[Result "0-1"]
[Round "08"]
[TimeControl "180+1"]
[Date "2022.09.27"]
[WhiteClock "0:00:34"]
[BlackClock "0:00:44"]

1. Nf3 c5 2. c4 b6 3. g3 Bb7 4. Bg2 Nf6 5. O-O g6 6. b3 Bg7 7. Bb2 O-O 8. d4 cxd4 9. Qxd4 d6 10. Nc3 Nbd7 11. Qh4 h6 12. Rfd1 Rc8 13. Rac1 a6 14. Nd5 Nxd5 15. Bxg7 Kxg7 16. cxd5 Rxc1 17. Rxc1 Bxd5 18. Qd4+ Nf6 19. Qd2 b5 20. Qd4 Qa5 21. Rc2 Be4 22. b4 Qa3 23. Rc7 Re8 24. Qd2 Nd5 25. Qd4+ Kg8 26. Ra7 Qxb4 27. Rxa6 Bxf3 0-1


[Site "https://www.chess.com"]

[Event "Titled Tuesday Blitz September 27 Early 2022"]
[White "Harshad S"]
[Black "Rostomyan, Mikayel"]
[WhiteFideId "46616551"]
[BlackFideId "13313754"]
[WhiteElo "2046"]
[BlackElo "1426"]
[Result "1/2-1/2"]
[Round "08"]
[TimeControl "180+1"]
[Date "2022.09.27"]
[WhiteClock "0:00:22"]
[BlackClock "0:00:08"]

1. e4 c5 2. Be2 Nc6 3. f4 e6 4. Nf3 Nge7 5. d3 g6 6. Be3 b6 7. c3 Bg7 8. d4 cxd4 9. cxd4 d5 10. e5 O-O 11. O-O Bd7 12. Nc3 a6 13. g4 b5 14. Rc1 Rc8 15. Nd2 Na5 16. Nb3 Nxb3 17. axb3 Qb6 18. Qd2 Rc7 19. Bd3 Nc6 20. Ra1 f6 21. Kh1 fxe5 22. fxe5 Rcc8 23. Ne2 Rxf1+ 24. Rxf1 Rf8 25. Rxf8+ Bxf8 26. Kg2 Bb4 27. Qc2 Nxe5 28. Nf4 Nxg4 29. Bg1 e5 30. Nxd5 Qc6 31. Qxc6 Bxc6 32. Be4 Kf7 33. h3 Nh6 34. dxe5 Nf5 35. Kf3 Ba5 36. b4 Bd8 37. Bh2 Bg5 38. Nc7 Bxe4+ 39. Kxe4 Bc1 40. b3 Ba3 41. Nxa6 h5 42. Bf4 Ke6 43. Nc7+ Kd7 44. Nxb5 Bxb4 45. Kd5 Ng7 46. Nd4 Bc3 47. e6+ Ke8 48. Be5 Bxd4 49. Bxd4 Nf5 50. Bf6 Ne3+ 51. Kd6 Nc2 52. Bc3 g5 53. Ke5 g4 54. hxg4 hxg4 55. Kf4 Ke7 56. Kxg4 Kxe6 57. Kf3 Na3 58. Ke4 Nb5 59. Bb4 Kd7 60. Kd5 Kc7 61. Kc4 Na7 62. Bc5 Nc8 63. Kb5 Kb7 64. b4 Kc7 65. Kc4 Kc6 66. b5+ Kb7 67. Kd5 Nb6+ 68. Bxb6 Kxb6 69. Kc4 Kb7 70. Kc5 Kc7 71. Kc4 Kb6 72. Kb4 Kb7 73. Ka5 Ka7 74. b6+ Kb7 75. Kb5 Kb8 76. Kc6 Kc8 77. Kc5 Kb7 78. Kb5 Kb8 79. Ka6 Ka8 80. Ka5 Kb7 81. Kb5 1/2-1/2


[Site "https://www.chess.com"]

[Event "Titled Tuesday Blitz September 27 Early 2022"]
[White "Heinemann, Josefine"]
[Black "Machidon, Cristi"]
[WhiteFideId "12900460"]
[BlackFideId "13904590"]
[WhiteElo "2300"]
[BlackElo "2312"]
[Result "1/2-1/2"]
[Round "08"]
[TimeControl "180+1"]
[Date "2022.09.27"]
[WhiteClock "0:00:04"]
[BlackClock "0:00:03"]

1. Nf3 d5 2. g3 c6 3. Bg2 Bf5 4. O-O e6 5. d4 h6 6. Nbd2 Nf6 7. c4 Be7 8. Ne5 Nbd7 9. Ndf3 O-O 10. Qb3 Qb6 11. c5 Qxb3 12. axb3 a6 13. b4 Rfe8 14. Be3 Bd8 15. h3 Bc7 16. Bf4 Nxe5 17. Bxe5 Bd8 18. Nd2 Nd7 19. Bd6 Bf6 20. e3 e5 21. Nb3 exd4 22. Nxd4 Be4 23. Rfd1 Bxg2 24. Kxg2 Re4 25. b5 cxb5 26. Nxb5 Rc8 27. Na7 Rce8 28. c6 bxc6 29. Nxc6 R8e6 30. Rxd5 Nb6 31. Rdd1 Nc4 32. Rxa6 Rxd6 33. Rxd6 Nxd6 34. b4 Rc4 35. Na5 Be7 36. Nxc4 Nxc4 37. Ra8+ Kh7 38. b5 Kg6 39. Ra7 Bd6 40. Rd7 Kf6 41. b6 Ke6 42. Rb7 g5 43. g4 f6 44. Rh7 Nxb6 45. Rxh6 Kf7 46. Rh7+ Ke6 47. h4 gxh4 48. Rxh4 Nd5 49. Rh6 Kf7 50. g5 Bf8 51. Rh7+ Kg6 52. Rd7 Nb6 53. Rb7 Nd5 54. gxf6 Nxf6 55. f4 Bd6 56. Kf3 Kf5 57. Rb5+ Ke6 58. e4 Be7 59. Rb6+ Kf7 60. e5 Nd5 61. Rb7 Ke6 62. Ke4 Nc3+ 63. Kd4 Ne2+ 64. Ke3 Ng3 65. Kf3 Nf5 66. Rb6+ Kd5 67. Rg6 Nd4+ 68. Ke3 Bc5 69. Kd3 Ne6 70. f5 Nf4+ 71. Kc2 Kxe5 72. Rc6 Be7 73. Rc7 Bf6 74. Rf7 Bg5 75. Rg7 Bf6 76. Rf7 Bh4 77. Rh7 Bf2 78. f6 Kxf6 79. Rb7 Nd5 80. Rd7 Ke5 81. Rxd5+ Kxd5 1/2-1/2


[Site "https://www.chess.com"]

[Event "Titled Tuesday Blitz September 27 Early 2022"]
[White "Howell, David W L"]
[Black "Gabrielian, Artur"]
[WhiteFideId "410608"]
[BlackFideId "4131002"]
[WhiteElo "2559"]
[BlackElo "2467"]
[Result "1-0"]
[Round "08"]
[TimeControl "180+1"]
[Date "2022.09.27"]
[WhiteClock "0:00:11"]
[BlackClock "0:00:03"]

1. Nc3 d5 2. d4 Nf6 3. Bf4 e6 4. Nb5 Na6 5. e3 Be7 6. Nf3 O-O 7. a4 c6 8. Na3 c5 9. Nb5 Bd7 10. c3 Nh5 11. Be5 f6 12. Bg3 Nxg3 13. hxg3 Nc7 14. Bd3 f5 15. Nxc7 Qxc7 16. Ne5 Be8 17. g4 g6 18. gxf5 exf5 19. Qf3 Rd8 20. Qh3 Bf6 21. f4 cxd4 22. exd4 h5 23. Qg3 Qg7 24. a5 Rd6 25. Kd2 a6 26. Rhe1 Bd8 27. Nf3 Bb5 28. Bxb5 axb5 29. Ne5 Ra6 30. b4 Kh7 31. Qd3 Qh6 32. g3 h4 33. Kc2 Bf6 34. Qxb5 Bg7 35. Qxb7 Raa8 36. Qxd5 Rad8 37. Qf3 Bf6 38. a6 Qg7 39. gxh4 Qc7 40. Kb2 Rb8 41. h5 Kg7 42. Rg1 Bxe5 43. Rxg6+ Kh7 44. fxe5 Rfc8 45. Ra3 Rxb4+ 46. Kc2 Rxd4 47. Qxf5 1-0


[Site "https://www.chess.com"]

[Event "Titled Tuesday Blitz September 27 Early 2022"]
[White "Hristodoulou, Panagiotis"]
[Black "Zenin, Dmitry"]
[WhiteFideId "4214340"]
[BlackFideId "4127897"]
[WhiteElo "2172"]
[BlackElo "2215"]
[Result "1-0"]
[Round "08"]
[TimeControl "180+1"]
[Date "2022.09.27"]
[WhiteClock "0:00:08"]
[BlackClock "0:00:01"]

1. e4 e5 2. Nf3 Nc6 3. Bc4 Bc5 4. O-O Nf6 5. d3 a6 6. c3 Ba7 7. a4 O-O 8. h3 d5 9. exd5 Nxd5 10. Re1 Be6 11. Nbd2 Nf4 12. Bxe6 Nxe6 13. Nc4 Nc5 14. Ncxe5 Nxe5 15. Nxe5 f6 16. d4 fxe5 17. dxc5 Qxd1 18. Rxd1 Bxc5 19. Be3 Bxe3 20. fxe3 Rad8 21. Rac1 Kf7 22. Kf2 Ke6+ 23. Ke2 Rd6 24. e4 Rf4 25. Ke3 h5 26. Rf1 Rxf1 27. Rxf1 Rd8 28. b4 b6 29. Ke2 g6 30. g3 Ra8 31. Ke3 a5 32. b5 Rd8 33. Ke2 Rd6 34. Rf8 c6 35. Re8+ Kf6 36. Rb8 cxb5 37. axb5 Ke6 38. Ke3 Kd7 39. Rb7+ Ke6 40. Rg7 Kf6 41. Rb7 Ke6 42. c4 Kf6 43. Ke2 Ke6 44. Ke3 Kf6 45. Ke2 Ke6 46. Rc7 Kf6 47. Ke3 Ke6 48. g4 hxg4 49. hxg4 Kf6 50. Kf3 Rd4 51. Rc6+ Kg5 52. Ke3 Kxg4 53. Rxg6+ Kh5 54. Rxb6 Rxc4 55. Ra6 Rc3+ 56. Kd2 Rc4 57. b6 Rxe4 58. Rxa5 Rb4 59. Rxe5+ Kg6 60. Re6+ Kf7 61. Rh6 Ke7 62. Kc3 Rb1 63. Kc4 Kd7 64. Kc5 Rc1+ 65. Kb5 Kc8 66. Rc6+ Rxc6 67. Kxc6 Kb8 68. b7 1-0


[Site "https://www.chess.com"]

[Event "Titled Tuesday Blitz September 27 Early 2022"]
[White "Ilkhomi, Jaloliddin"]
[Black "Przybylski, Wojciech"]
[WhiteFideId "14700948"]
[BlackFideId "1117599"]
[WhiteElo "1440"]
[BlackElo "2133"]
[Result "0-1"]
[Round "08"]
[TimeControl "180+1"]
[Date "2022.09.27"]
[WhiteClock "0:00:05"]
[BlackClock "0:00:05"]

1. d4 Nf6 2. Bf4 b6 3. Nd2 Bb7 4. c3 g6 5. Ngf3 Bg7 6. e3 O-O 7. Bd3 c5 8. h3 d5 9. O-O Nbd7 10. Ne5 Ne4 11. Nxd7 Nxd2 12. Nxf8 Nxf1 13. Nxg6 hxg6 14. Qxf1 c4 15. Bc2 b5 16. Re1 f5 17. f3 e6 18. e4 g5 19. Bd2 f4 20. exd5 Bxd5 21. Be4 a6 22. Qe2 Kf7 23. h4 Bf6 24. hxg5 Bxg5 25. Bxd5 Qxd5 26. Qe4 Rg8 27. Bxf4 Bf6 28. Qxd5 exd5 29. g4 b4 30. Be5 Bh4 31. Re2 a5 32. cxb4 axb4 33. Bd6 Bf6 34. Bxb4 Bxd4+ 35. Kg2 Bf6 36. Kg3 d4 37. f4 d3 38. Rd2 Bd4 39. Kf3 Re8 40. f5 Re3+ 41. Kf4 Re8 42. Rd1 Bxb2 43. g5 Be5+ 44. Kf3 Rb8 45. a3 Rd8 46. Ke4 Bb2 47. g6+ Kf6 48. Ke3 c3 49. Bxc3+ Bxc3 50. Rc1 Re8+ 51. Kxd3 Bb2 52. Rc6+ Kxf5 53. g7 Bxg7 54. Kc2 Bd4 55. Kb3 Ke4 56. Rh6 Rb8+ 57. Kc4 Rc8+ 58. Kb5 Ra8 59. a4 Rb8+ 60. Ka6 Be3 61. Rd6 Ke5 62. Rd3 Bd4 63. Rh3 Kd5 64. Rh5+ Kc6 65. a5 Ra8# 0-1


[Site "https://www.chess.com"]

[Event "Titled Tuesday Blitz September 27 Early 2022"]
[White "Itkis, Boris"]
[Black "Kuchava, Ana"]
[WhiteFideId "1209167"]
[BlackFideId "13605348"]
[WhiteElo "2207"]
[BlackElo "1955"]
[Result "0-1"]
[Round "08"]
[TimeControl "180+1"]
[Date "2022.09.27"]
[WhiteClock "0:01:06"]
[BlackClock "0:01:52"]

1. c4 e5 2. Nf3 Nc6 3. Nc3 Nf6 4. e4 Bc5 5. Nxe5 Nxe5 6. d4 Nxc4 7. Bxc4 Bb4 8. Bxf7+ Kxf7 9. Qb3+ d5 10. Qxb4 dxe4 11. Bg5 Re8 12. O-O c6 13. Qb3+ Be6 14. Qxb7+ Qd7 15. Qxd7+ Bxd7 16. Bxf6 gxf6 17. Na4 Rab8 18. Nc5 Bf5 19. b3 Rb4 20. Rac1 Rxd4 21. Nb7 Re7 22. Nd8+ Rxd8 0-1


[Site "https://www.chess.com"]

[Event "Titled Tuesday Blitz September 27 Early 2022"]
[White "Jaskolka, Tomasz"]
[Black "Wachinger, Guenther"]
[WhiteFideId "1170791"]
[BlackFideId "4604261"]
[WhiteElo "2073"]
[BlackElo "2212"]
[Result "1/2-1/2"]
[Round "08"]
[TimeControl "180+1"]
[Date "2022.09.27"]
[WhiteClock "0:00:16"]
[BlackClock "0:00:05"]

1. d4 Nf6 2. c4 e6 3. g3 c5 4. d5 exd5 5. cxd5 b5 6. a4 b4 7. Bg2 d6 8. Nd2 g6 9. Nc4 Bg7 10. Nf3 O-O 11. O-O a5 12. Bf4 Ra6 13. Re1 Nh5 14. Bg5 Qc7 15. e4 Nd7 16. Qd3 Nb6 17. b3 Nxc4 18. Qxc4 Rb6 19. Rac1 Ba6 20. Qc2 c4 21. Re3 h6 22. Bf4 g5 23. Bxg5 hxg5 24. Nxg5 Qe7 25. h4 cxb3 26. Qxb3 Bh6 27. f4 Rc8 28. Rxc8+ Bxc8 29. e5 Bf5 30. exd6 Qxd6 31. Re8+ Kg7 32. Qb2+ Qf6 33. Qf2 b3 34. Ne6+ Rxe6 35. dxe6 b2 36. Rb8 b1=Q+ 37. Rxb1 Bxb1 38. exf7 Qxf7 39. Qb2+ Qf6 40. Qxb1 Nxg3 41. Qb7+ Kh8 42. Qa8+ Bf8 43. Qxa5 Qxf4 44. Qc3+ Bg7 45. Qf3 Bd4+ 46. Kh2 Nf1+ 47. Kh3 Qh2+ 48. Kg4 Ne3+ 49. Kh5 Qe5+ 50. Kg6 Qg7+ 51. Kh5 Qh7+ 52. Kg5 Qg7+ 53. Kh5 Nxg2 54. Qa8+ Kh7 55. Qe4+ Kg8 56. Qe8+ Kh7 57. Qe4+ Kg8 58. Qe8+ Qf8 59. Qg6+ Kh8 60. Qxg2 Be3 61. Kg4 Qf4+ 62. Kh3 Qxa4 63. Qf3 Bf4 64. Qh5+ Kg7 65. Qg4+ Kf6 66. Qf3 Qd4 67. Kg4 Ke5 68. Qe2+ Be3+ 69. Kh3 Qf4 70. Qb5+ Ke6 71. Qc6+ Ke7 72. Qb7+ Kd8 73. Qd5+ Kc7 74. Qa5+ Kc6 75. Qa6+ Kc7 76. Qa5+ Bb6 77. Qc3+ Kb7 78. Qg7+ Bc7 79. Qg2+ Kb8 80. Qb2+ Kc8 81. Qh8+ Kb7 82. Qb2+ Ka6 83. Qa3+ Ba5 84. Qd3+ Kb6 85. Qd8+ Kb5 86. Qd7+ Kb4 87. Qe7+ Kb3 88. Qe6+ Ka4 89. Qg4 Qxg4+ 90. Kxg4 Bd2 91. Kf5 Kb3 92. Kg6 Kc2 93. h5 Kd1 94. h6 Bxh6 1/2-1/2


[Site "https://www.chess.com"]

[Event "Titled Tuesday Blitz September 27 Early 2022"]
[White "Jean Louis, Marckens"]
[Black "Jeet, Jain"]
[WhiteFideId "11900270"]
[BlackFideId "5073022"]
[WhiteElo "2031"]
[BlackElo "2055"]
[Result "1-0"]
[Round "08"]
[TimeControl "180+1"]
[Date "2022.09.27"]
[WhiteClock "0:00:22"]
[BlackClock "0:00:04"]

1. d4 Nc6 2. Nf3 Nf6 3. d5 Nb8 4. Bg5 c6 5. Bxf6 gxf6 6. e4 Qb6 7. Nbd2 Qxb2 8. Bc4 Qb6 9. O-O Bg7 10. Nh4 e6 11. dxe6 fxe6 12. Qh5+ Kf8 13. Ndf3 d5 14. Bd3 Bd7 15. e5 Be8 16. Qg4 c5 17. exf6 Bxf6 18. Ng5 Bxg5 19. Qxg5 Qb2 20. Rae1 Bf7 21. f4 Nc6 22. f5 e5 23. Qh6+ Ke7 24. f6+ Kd7 25. Bf5+ Kc7 26. Qg7 Raf8 27. Kh1 Nd8 28. Bxh7 Qd4 29. Ng6 Ne6 30. Qxh8 Rxh8 31. Nxh8 Qh4 32. Bg6 Qxh8 33. Bxf7 Nf8 34. Bxd5 Kd6 35. c4 b6 36. Rd1 Qh4 37. f7 Ke7 38. Bb7 a5 39. Bd5 Qg5 40. Rde1 Kd6 41. h3 b5 42. Kh2 bxc4 43. Bxc4 Kc6 44. Rf3 Qd2 45. Ref1 Qc2 46. Rf6+ Kc7 47. Be6 Qh7 48. Bg4 Qd3 49. R6f5 Qd4 50. Re1 e4 51. Rf4 Qd6 52. g3 Qd2+ 53. Re2 Qd6 54. Rfxe4 Qf6 55. Re7+ Kd6 56. Re8 Qxf7 57. R8e3 Kc6 58. Kg2 Kb6 59. Bf3 a4 60. Rb2+ Ka5 61. Re5 Qf6 62. Rxc5+ Ka6 63. Rcb5 Qd4 64. Rb7 Ne6 65. R2b6+ Ka5 66. Rxe6 Qd2+ 67. Re2 Qd4 68. Rbe7 a3 69. R7e5+ Ka6 70. h4 Ka7 71. Rg5 Kb8 72. Re6 Qd2+ 73. Kh3 Kc7 74. Rf6 Kd8 75. Rg7 Ke8 76. Rh6 Kf8 77. Rg5 Qe1 78. Kg4 Qe6+ 79. Kh5 Qf7+ 80. Kg4 Qd7+ 81. Rf5+ Kg7 82. Rh5 Qd4+ 83. Kh3 Qd2 84. Rhg5+ Kh6 85. Kg4 Qd4+ 86. Rf4 Qa1 87. Be4 Qd1+ 88. Rf3 Qd7+ 89. Rff5 Qd1+ 90. Kf4 Qd2+ 91. Kg4 Qd1+ 92. Bf3 Qd4+ 93. Kh3 Qa1 94. h5 Qf1+ 95. Kg4 Qc4+ 96. Rf4 Qc8+ 97. Rgf5 Qg8+ 98. Kh4 Qd8+ 99. Rf6+ Kg7 100. g4 Qd1 101. Bxd1 1-0


[Site "https://www.chess.com"]

[Event "Titled Tuesday Blitz September 27 Early 2022"]
[White "Johnson, Ben"]
[Black "Chernomordik, Pavel"]
[WhiteFideId "2010917"]
[BlackFideId "2804530"]
[WhiteElo "2212"]
[BlackElo "2217"]
[Result "0-1"]
[Round "08"]
[TimeControl "180+1"]
[Date "2022.09.27"]
[WhiteClock "0:00:02"]
[BlackClock "0:00:29"]

1. Nf3 g6 2. e4 Bg7 3. d4 d6 4. Nc3 a6 5. Bc4 e6 6. Bg5 Ne7 7. Qd2 h6 8. Bh4 b5 9. Bd3 g5 10. Bg3 Ng6 11. e5 d5 12. Bxg6 fxg6 13. Qd3 Kf7 14. O-O b4 15. Na4 Nd7 16. Nd2 a5 17. h3 Ba6 18. Qf3+ Kg8 19. Rfe1 Qf8 20. Qg4 Qf5 21. Nb3 Bb5 22. Nac5 a4 23. Nxd7 axb3 24. Nf6+ Bxf6 25. exf6 bxc2 26. Bxc7 Qxg4 27. hxg4 Kf7 28. Rec1 Bd3 29. f3 Rhc8 30. Be5 b3 31. a3 Be2 32. Kf2 Bd1 33. Ke3 Rh8 34. Rxd1 cxd1=Q 35. Rxd1 Rac8 36. Rd2 Rc4 37. Kd3 Rhc8 38. Re2 Rc2 39. a4 Rxe2 40. Kxe2 Rc2+ 41. Kd3 Rxb2 42. Kc3 Rb1 43. a5 b2 44. Bc7 Rc1+ 0-1


[Site "https://www.chess.com"]

[Event "Titled Tuesday Blitz September 27 Early 2022"]
[White "Jones, Daniel"]
[Black "Rangel, Daniel"]
[WhiteFideId "2019655"]
[BlackFideId "2124475"]
[WhiteElo "2351"]
[BlackElo "2225"]
[Result "1-0"]
[Round "08"]
[TimeControl "180+1"]
[Date "2022.09.27"]
[WhiteClock "0:00:28"]
[BlackClock "0:00:11"]

1. f4 Nf6 2. Nf3 d5 3. g3 c5 4. Bg2 Nc6 5. d3 h5 6. h3 d4 7. e4 dxe3 8. Bxe3 Nd5 9. Bf2 h4 10. Nxh4 Rxh4 11. gxh4 Nxf4 12. Bxc6+ bxc6 13. Qf3 Nd5 14. Nd2 e5 15. O-O-O Qa5 16. a3 Be6 17. Qh5 Nc3 18. Rde1 Na2+ 19. Kd1 O-O-O 20. Qxe5 Bd6 21. Qxg7 c4 22. Rxe6 cxd3 23. Re4 dxc2+ 24. Kxc2 Bb4 25. Nb3 Qd5 26. Qd4 Qf5 27. Qe3 Ba5 28. Nxa5 Qxa5 29. Rc4 Nb4+ 30. Rxb4 Qf5+ 31. Kb3 Qd5+ 32. Rc4 Qxh1 33. Ka2 Qd5 34. Qb3 Qe6 35. Rc3 Qxb3+ 36. Rxb3 Rd2 37. Bxa7 Rg2 38. Bd4 Kd7 39. Bf6 Ke6 40. Bg5 Rh2 41. Re3+ Kd5 42. Rf3 c5 43. Rxf7 c4 44. Rf3 Rg2 45. Rc3 Kd4 46. Bf6+ Kc5 47. h5 Kb5 48. h6 Rg6 49. a4+ Kxa4 50. Rxc4+ Kb5 51. Rf4 Rxh6 52. h4 Rh5 53. Rg4 Kc6 54. Bg5 Kd7 55. b4 Rh8 56. Kb3 Ra8 57. Rd4+ Ke6 58. b5 Ke5 59. Rb4 Kd5 60. b6 Kc6 61. b7 Rb8 62. Bf4 Rxb7 63. Rxb7 Kxb7 64. h5 Kc6 65. h6 Kd5 66. h7 Ke4 67. h8=Q Kxf4 68. Qe8 Kf5 69. Kc3 Kf6 70. Kd4 Kg7 71. Qe6 Kh7 72. Qg4 Kh8 73. Ke5 Kh7 74. Kf6 1-0


[Site "https://www.chess.com"]

[Event "Titled Tuesday Blitz September 27 Early 2022"]
[White "Jovic, Stanoje"]
[Black "Guz, Ari"]
[WhiteFideId "905020"]
[BlackFideId "2825759"]
[WhiteElo "2238"]
[BlackElo "1913"]
[Result "0-1"]
[Round "08"]
[TimeControl "180+1"]
[Date "2022.09.27"]
[WhiteClock "0:00:15"]
[BlackClock "0:00:18"]

1. c4 e6 2. g3 d5 3. Bg2 dxc4 4. Nf3 Nf6 5. O-O Bd7 6. Na3 Bxa3 7. bxa3 Bc6 8. Bb2 b5 9. Rc1 O-O 10. a4 a6 11. Qc2 Be4 12. Qc3 c6 13. Qe3 Bd5 14. Rfd1 Nbd7 15. d3 cxd3 16. Rxd3 Qa5 17. Nd4 Qxa4 18. Nxc6 Bxg2 19. Kxg2 Qxa2 20. Ba3 Nd5 21. Rxd5 Qxd5+ 22. f3 Rfe8 23. Ne7+ Rxe7 24. Bxe7 h6 25. Rc2 Ne5 26. Rc5 Nc4 27. Qf4 Qd1 28. e4 Qe2+ 29. Kh3 Ne3 30. g4 Qf1+ 31. Kg3 Qg2+ 32. Kh4 Qg1 33. Kh3 Re8 34. Bh4 Qg2# 0-1


[Site "https://www.chess.com"]

[Event "Titled Tuesday Blitz September 27 Early 2022"]
[White "Kalajzic, Ivan"]
[Black "Tsukerman, Julia"]
[WhiteFideId "14506378"]
[BlackFideId "2621649"]
[WhiteElo "2163"]
[BlackElo "1667"]
[Result "1-0"]
[Round "08"]
[TimeControl "180+1"]
[Date "2022.09.27"]
[WhiteClock "0:01:31"]
[BlackClock "0:00:08"]

1. d4 d5 2. Nc3 e6 3. Nf3 Be7 4. e4 dxe4 5. Nxe4 Nf6 6. Nxf6+ Bxf6 7. c3 Nd7 8. Bd3 O-O 9. Qe2 c5 10. dxc5 Nxc5 11. Bc2 Qc7 12. Be3 b6 13. Bxc5 Qxc5 14. Qe4 Qf5 15. Qxa8 Qxc2 16. O-O Ba6 17. Qxa7 Bxf1 18. Rxf1 Qxb2 19. c4 Qb4 20. Qa6 h6 21. a3 Qc5 22. Rb1 Rc8 23. Rxb6 Qxc4 24. Qxc4 Rxc4 25. g3 Ra4 26. Rb3 Be7 27. Ne5 Rxa3 28. Rb8+ Kh7 29. Nxf7 Ra1+ 30. Kg2 Ra7 31. Ne5 Bf6 32. Nd3 Re7 33. f4 e5 34. f5 e4 35. Nf4 Re5 36. g4 Ra5 37. Ng6 Ra2+ 38. Kf1 Ra1+ 39. Ke2 Ra2+ 40. Kd1 Ra1+ 41. Kc2 Ra2+ 42. Kd1 Ra1+ 43. Kd2 Ra2+ 44. Ke3 Ra3+ 45. Kxe4 Ra4+ 46. Kd5 Ra5+ 47. Kc6 Ra6+ 48. Kb5 Rd6 49. Rh8# 1-0


[Site "https://www.chess.com"]

[Event "Titled Tuesday Blitz September 27 Early 2022"]
[White "Kamsky, Gata"]
[Black "Erenberg, Ariel"]
[WhiteFideId "2000024"]
[BlackFideId "2811634"]
[WhiteElo "2666"]
[BlackElo "2243"]
[Result "0-1"]
[Round "08"]
[TimeControl "180+1"]
[Date "2022.09.27"]
[WhiteClock "0:00:19"]
[BlackClock "0:00:14"]

1. e4 c6 2. d4 d5 3. exd5 cxd5 4. Bd3 Nf6 5. c3 Bg4 6. Nf3 Nc6 7. Bf4 e6 8. Nbd2 Bd6 9. Bg3 O-O 10. O-O a6 11. a4 Rc8 12. Re1 Bxg3 13. hxg3 Qd6 14. Qb3 Na5 15. Qa3 Qc7 16. Ne5 Bf5 17. Bf1 Nc6 18. Nxc6 Qxc6 19. a5 Ne4 20. Nb3 Qc7 21. Re3 h5 22. Qb4 Rfe8 23. Bd3 Nd6 24. Be2 Bg6 25. Nc5 Re7 26. Qa3 Nf5 27. Rf3 e5 28. b4 e4 29. Rf4 e3 30. Bf3 exf2+ 31. Kxf2 Nxg3 32. Rh4 Nf5 33. Rh3 Qf4 34. Qc1 Re3 35. Kg1 Rce8 36. Bxd5 Ng3 37. Rxg3 Qxg3 0-1


[Site "https://www.chess.com"]